 Dungeon Crawl Stone Soup version 0.29.1-13-g9f3cf754e1 (webtiles) character file.

Game seed: 3384309697359243346

2 Descartes the Ducker (level 1, -1/10 HPs)
             Began as a Felid Monk on Jan 29, 2023.
             Slain by a gnoll
             ... wielding a +0 club
              (2 damage)
             ... on level 1 of the Dungeon.
             The game lasted 00:00:17 (129 turns).

Descartes the Ducker (Felid Monk)                    Turns: 129, Time: 00:00:18

Health: -1/10      AC:  1    Str:  7    XL:     1   Next: 25%
Magic:  2/2        EV: 19    Int: 11    God:
Gold:   5          SH:  0    Dex: 18    Spells: 0/0 levels left
                                        Lives:  0   Deaths: 0

rFire   . . .      SeeInvis +     - Unarmed
rCold   . . .      Faith    .   (shield unavailable)
rNeg    . . .      Spirit   .   (body armour unavailable)
rPois   .          Reflect  .   (helmet unavailable)
rElec   .          Harm     .   (cloak unavailable)
rCorr   .          Rampage  .   (gloves unavailable)
Will    .....                   (boots unavailable)
Stlth   ++........              (no amulet)
HPRegen 0.03/turn               (no ring)
MPRegen 0.08/turn               (no ring)

@: quick
A: very small, claws 1, fangs 3, see invisible, speed 1, shaggy fur 1, stealthy
paws, no weapons or thrown items, no armour, multi-lived
a: no special abilities


You were on level 1 of the Dungeon.
You visited 1 branch of the dungeon, and saw 1 of its levels.

You collected 5 gold pieces.

Inventory:

Jewellery
 c - a ring of wizardry
Scrolls
 b - a scroll of noise {unknown}
Potions
 a - a potion of ambrosia


   Skills:
 + Level 3.0 Fighting
 + Level 4.0 Dodging
 + Level 2.8 Stealth
 + Level 3.0 Unarmed Combat


You couldn't memorise any spells.
You didn't know any spells.
Your spell library was empty.

Dungeon Overview and Level Annotations

Branches:
Dungeon (1/15)

Altars:


Innate Abilities, Weirdness & Mutations

You have sharp claws.
You have razor-sharp teeth.
You have supernaturally acute eyesight. (SInv)
You cover ground quickly. (Speed+)
You are covered in fur. (AC +1)
Your paws help you pounce on unaware monsters.
You are incapable of wielding weapons or throwing items.
You cannot wear armour.
You gain extra lives every three experience levels.


Message History

You closely miss the gnoll.
The gnoll is lightly wounded.
The goblin completely misses you. The gnoll closely misses you.
You scratch the gnoll.
The gnoll is heavily wounded.
The goblin completely misses you. The gnoll closely misses you.
You scratch the gnoll.
The gnoll is heavily wounded.
The goblin hits you with a +0 dagger. x2; The gnoll barely misses you.
You are too injured to fight recklessly!
You are too injured to fight recklessly!
You are too injured to fight recklessly!
You are too injured to fight recklessly!
You are too injured to fight recklessly!
You are too injured to fight recklessly!
You are too injured to fight recklessly!
You are too injured to fight recklessly!
You are too injured to fight recklessly!
You are too injured to fight recklessly!
You are too injured to fight recklessly!
You are too injured to fight recklessly!
You are too injured to fight recklessly!
You are too injured to fight recklessly!
Unknown command.
There is an open door here.
There is an open door here.
A goblin is nearby!
You are too injured to fight recklessly!
You are too injured to fight recklessly!
You are too injured to fight recklessly!
You are too injured to fight recklessly!
The goblin hits you with a +0 dagger.
You scratch the goblin but do no damage.
The goblin completely misses you.
You scratch the goblin.
You kill the goblin!
The goblin hits you with a +0 dagger.
* * * LOW HITPOINT WARNING * * *
The gnoll hits you with a +0 club.
You die...

###### #########
###....###############....##..
###..........##.....g.g.........
##.....#####...###..g..#####.....
....####...####.....####. ####..
..###.........###'###.... ###
..#......<......'.'....(. +
..###.........###g###.... #
....####...####.@...####. .
.......#####....g....).# .
....................##....... ..
.....###.............##...... ..
.##### ########..###.# #..### ...
## ##.# ### #.# ..# .# #.## . #.
#


You could see a gnoll and a goblin.

Vanquished Creatures
  A goblin (D:1)
  A kobold (D:1)
2 creatures vanquished.

Notes
Turn   | Place    | Note
-------+----------+-------------------------------------------
     0 | D:1      | Descartes the Felid Monk began the quest for the Orb.
     0 | D:1      | Reached XP level 1. HP: 10/10 MP: 2/2
   129 | D:1      | Slain by a gnoll

Illustrated notes

Levels and vault maps discovered:
D:1:      elethiomel_arrival_infinity_welcomes_careful_drivers,
          layout_loops_cross, hellmonk_ecumenical_altar_lost_god,
          nrook_mini_vaults

Action                   || total
-------------------------++-------
Melee: Unarmed           ||     9
Dodge: Dodged            ||    11
